 Dungeon Crawl Stone Soup version 0.26-a0-53-g45f243fec8 (webtiles) character file.

Game seed: 12756748741550528295

196 MarredHen the Stinger (level 5, 0/37 HPs)
             Began as a Gnoll Venom Mage on June 7, 2020.
             Succumbed to an adder's poison
             ... on level 3 of the Dungeon.
             The game lasted 00:04:20 (3497 turns).

MarredHen the Stinger (Gnoll Venom Mage)            Turns: 3497, Time: 00:04:20

Health: 0/37       AC:  2    Str: 11    XL:     5   Next: 75%
Magic:  12/12      EV: 15    Int: 18    God:
Gold:   105        SH:  0    Dex: 15    Spells: 13/14 levels left

rFire    . . .     SeeInvis .   k - +2 hand axe (venom)
rCold    . . .     Gourm    .   (no shield)
rNeg     . . .     Faith    .   a - +0 robe
rPois    .         Spirit   .   (no helmet)
rElec    .         Reflect  .   (no cloak)
rCorr    .         Harm     .   (no gloves)
MR       .....                  (no boots)
Stlth    +++.......             (no amulet)
HPRegen  0.12/turn              (no ring)
MPRegen  0.13/turn              (no ring)

@: mighty, lethally poisoned (0 -> -1), flying (expiring)
A: distributed training, fangs 1, strong nose
a: no special abilities


You were on level 3 of the Dungeon.
You were not hungry.

You visited 1 branch of the dungeon, and saw 3 of its levels.

You collected 105 gold pieces.

Inventory:

Hand Weapons
 d - a +0 dagger
 h - a +2 dagger of venom
 k - a +2 hand axe of venom (weapon)
Armour
 a - a +0 robe (worn)
Wands
 j - a wand of acid (5)
Scrolls
 b - a scroll of teleportation
 f - a scroll of immolation
Potions
 g - a potion of flight
Comestibles
 c - 6 rations


   Skills:
 + Level 1.6 Fighting
 + Level 1.6 Short Blades
 + Level 1.6 Long Blades
 + Level 1.6 Axes
 + Level 1.6 Maces & Flails
 + Level 1.6 Polearms
 + Level 1.6 Staves
 + Level 1.6 Slings
 + Level 1.6 Bows
 + Level 1.6 Crossbows
 + Level 1.6 Throwing
 + Level 1.6 Armour
 + Level 4.8 Dodging
 + Level 4.4 Stealth
 + Level 1.6 Shields
 + Level 1.6 Unarmed Combat
 + Level 5.2 Spellcasting
 + Level 1.2 Conjurations
 + Level 1.2 Hexes
 + Level 1.2 Charms
 + Level 1.2 Summonings
 + Level 1.2 Necromancy
 + Level 1.2 Translocations
 + Level 2.4 Transmutations
 + Level 1.2 Fire Magic
 + Level 1.2 Ice Magic
 + Level 1.2 Air Magic
 + Level 1.2 Earth Magic
 + Level 5.5 Poison Magic
 + Level 1.8 Invocations
 + Level 1.6 Evocations


You had 13 spell levels left.
You knew the following spells:

 Your Spells              Type           Power        Failure   Level  Hunger
a - Sting                 Tmut/Pois      ###.         2%          1    None

Your spell library contained the following spells:

 Spells                   Type           Power        Failure   Level  Hunger
 Poisonous Vapours        Pois/Air       ###...       4%          2    #......
 Ignite Poison            Fire/Tmut/Pois ###.....     11%         3    ##.....
 Mephitic Cloud           Conj/Pois/Air  ##......     13%         3    ##.....
 Olgreb's Toxic Radiance  Pois           ###.....     13%         4    ####...


Dungeon Overview and Level Annotations

Branches:
Dungeon (3/15)

Altars:


Innate Abilities, Weirdness & Mutations

Your experience applies equally to all skills.
You have very sharp teeth.
Your uncanny sense of smell can sniff out nearby items.


Message History

* * * LOW HITPOINT WARNING * * *
You feel sick.
Okay, then.
Okay, then.
Okay, then.
* * * LOW HITPOINT WARNING * * *
You feel sick.
* * * LOW HITPOINT WARNING * * *
You feel sick.
* * * LOW HITPOINT WARNING * * *
You feel sick.
* * * LOW HITPOINT WARNING * * *
You feel sick.
There is a lethal amount of poison in your body!
Your extra speed is starting to run out.
* * * LOW HITPOINT WARNING * * *
You feel sick.
You feel yourself slow down.
You are starting to lose your buoyancy.
You die...

#.# #. #.# #.# ####'##
#.### ##...## #...##
##.....## ###..##
##.......##
##...####.........#
####.......'.........+
#.......####.........#
#.###@..# ##.......##
# #.#.# ##.....##
#.#.# ##...## ....#
####'##### ##.###
#......... #.#
#.##...... #.#
#.##..###. #.#
#.#...###.
.######......##.


There were no monsters in sight!

Vanquished Creatures
  Purgy (D:3)
  3 adders
  A gnoll (D:1)
  An ooze (D:2)
  3 worms
  A dart slug (D:2)
  A leopard gecko (D:3)
  A giant cockroach (D:1)
  12 goblins
  9 hobgoblins
  6 jackals (D:2)
  4 kobolds
  A quokka (D:2)
  4 bats
  5 frilled lizards
  5 rats
58 creatures vanquished.

Notes
Turn   | Place    | Note
-------+----------+-------------------------------------------
     0 | D:1      | MarredHen the Gnoll Venom Mage began the quest for the Orb.
     0 | D:1      | Reached XP level 1. HP: 13/13 MP: 6/6
   188 | D:1      | Reached XP level 2. HP: 19/19 MP: 2/7
   922 | D:1      | Reached XP level 3. HP: 25/25 MP: 7/9
   961 | D:1      | Reached skill level 5 in Spellcasting
  1668 | D:2      | Reached skill level 1 in Invocations
  1761 | D:2      | Reached skill level 1 in Fighting
  1761 | D:2      | Reached skill level 1 in Short Blades
  1761 | D:2      | Reached skill level 1 in Long Blades
  1761 | D:2      | Reached skill level 1 in Axes
  1761 | D:2      | Reached skill level 1 in Maces & Flails
  1761 | D:2      | Reached skill level 1 in Polearms
  1761 | D:2      | Reached skill level 1 in Staves
  1761 | D:2      | Reached skill level 1 in Slings
  1761 | D:2      | Reached skill level 1 in Bows
  1761 | D:2      | Reached skill level 1 in Crossbows
  1761 | D:2      | Reached skill level 1 in Throwing
  1761 | D:2      | Reached skill level 1 in Armour
  1761 | D:2      | Reached skill level 1 in Shields
  1761 | D:2      | Reached skill level 1 in Unarmed Combat
  1761 | D:2      | Reached skill level 1 in Evocations
  1995 | D:2      | Reached XP level 4. HP: 20/32 MP: 9/11
  2985 | D:3      | Noticed Purgy
  2997 | D:3      | Killed Purgy
  2997 | D:3      | Reached skill level 1 in Conjurations
  2997 | D:3      | Reached skill level 1 in Hexes
  2997 | D:3      | Reached skill level 1 in Charms
  2997 | D:3      | Reached skill level 1 in Summonings
  2997 | D:3      | Reached skill level 1 in Necromancy
  2997 | D:3      | Reached skill level 1 in Translocations
  2997 | D:3      | Reached skill level 1 in Fire Magic
  2997 | D:3      | Reached skill level 1 in Ice Magic
  2997 | D:3      | Reached skill level 1 in Air Magic
  2997 | D:3      | Reached skill level 1 in Earth Magic
  2997 | D:3      | Reached XP level 5. HP: 13/37 MP: 7/12
  3485 | D:3      | HP: 1/37 [poisoned by an adder]
  3491 | D:3      | HP: 1/37 [poisoned by an adder]
  3497 | D:3      | Succumbed to an adder's poison

Illustrated notes

Levels and vault maps discovered:
D:1:      sevenhm_arrival_forest_fort_small_3, layout_basic
D:2:      layout_loops_cross, first_ration, minmay_tree_intersection
D:3:      layout_loops_corners, minmay_fractal_squares_5, uniq_purgy, uniq_ijyb

Skill      XL: |  1  2  3  4 |
---------------+-------------+-----
Transmutations | 2 |  2.4
Spellcasting   | 5 |  5.2
Invocations    | 1 |  1.8
Fighting       | 1 |  1.6
Short Blades   | 1 |  1.6
Long Blades    | 1 |  1.6
Axes           | 1 |  1.6
Maces & Flails | 1 |  1.6
Polearms       | 1 |  1.6
Staves         | 1 |  1.6
Slings         | 1 |  1.6
Bows           | 1 |  1.6
Crossbows      | 1 |  1.6
Throwing       | 1 |  1.6
Armour         | 1 |  1.6
Shields        | 1 |  1.6
Unarmed Combat | 1 |  1.6
Evocations     | 1 |  1.6
Conjurations   | 1 |  1.2
Hexes          | 1 |  1.2
Charms         | 1 |  1.2
Summonings     | 1 |  1.2
Necromancy     | 1 |  1.2
Translocations | 1 |  1.2
Fire Magic     | 1 |  1.2
Ice Magic      | 1 |  1.2
Air Magic      | 1 |  1.2
Earth Magic    | 1 |  1.2
Dodging        | |  4.8
Stealth        | |  4.4
Poison Magic   | |  5.5

Action                   |  1- 3 |  4- 6 || total
-------------------------+-------+-------++-------
Melee: Dagger            |    39 |    25 ||    64
       Bite              |     4 |     1 ||     5
       Hand axe          |       |    19 ||    19
 Cast: Sting             |    55 |    45 ||   100
  Use: Scroll            |       |     3 ||     3
       Potion            |       |     3 ||     3
  Eat: Chunk             |     3 |     5 ||     8
Armor: Robe              |    11 |    10 ||    21
Dodge: Dodged            |    54 |    57 ||   111

Table legend:
 A = Non-vault XP
 B = Vault XP
 C = Vault XP percentage of total XP
 D = Non-vault monster count
 E = Vault monster count
 F = Vault count percentage of total count
                 A         B        C        D         E       F
            +---------+---------+-------+---------+---------+-------
      Total |     156 |     125 |  44.5 |      57 |       1 |   1.7
            +---------+---------+-------+---------+---------+-------
        D:1 |      47 |       0 |   0.0 |      23 |       0 |   0.0
        D:2 |      82 |       0 |   0.0 |      28 |       0 |   0.0
        D:3 |      27 |     125 |  82.2 |       6 |       1 |  14.3
            +---------+---------+-------+---------+---------+-------
